 Dungeon Crawl Stone Soup version 0.23-a0-767-gdc19b93d68 (webtiles) character file.

1675 KapersCrawl the Geomancer (level 8, -1/68 HPs)
             Began as a Deep Dwarf Earth Elementalist on Jan 20, 2019.
             Was an Initiate of Vehumet.
             Slain by an orc warrior
             ... wielding a +0 long sword
              (4 damage)
             ... on level 6 of the Dungeon on Jan 21, 2019.
             The game lasted 00:34:20 (7889 turns).

KapersCrawl the Geomancer (DDEE)                    Turns: 7889, Time: 00:34:20

Health: -1/68      AC:  8    Str: 11 (12) XL:     8   Next: 70%
Magic:  0/9        EV: 14    Int: 15 (18) God:    Vehumet [......]
Gold:   432        SH:  3    Dex: 11 (13) Spells: 2/13 levels left

rFire    . . .     SeeInvis .   j - +0 dagger (speed)
rCold    . . .     Gourm    .   (no shield)
rNeg     . . .     Faith    .   c - +0 robe
rPois    .         Spirit   .   m - +2 helmet
rElec    .         Reflect  +   (no cloak)
rCorr    .         Harm     .   J - +0 pair of gloves
MR       ++...                  (no boots)
Stlth    ++........             l - +3 amulet of reflection
HPRegen  0.00/turn              q - ring of protection from magic
MPRegen  0.11/turn              w - +2 ring of protection

@: non-regenerating
A: damage resistance, heal wounds, sense surroundings 1, no regeneration
a: Heal Wounds, Renounce Religion


You were on level 6 of the Dungeon.
You worshipped Vehumet.
Vehumet was noncommittal.
You were not hungry.

You visited 2 branches of the dungeon, and saw 8 of its levels.
You also visited: Sewer and Ossuary.

You collected 432 gold pieces.

Inventory:

Hand Weapons
 h - a +0 hand axe
 j - a +0 dagger of speed (weapon)
Missiles
 b - 31 stones (quivered)
Armour
 c - a +0 robe (worn)
 f - a +0 ring mail
 m - a +2 helmet (worn)
 J - a +0 pair of gloves (worn)
Jewellery
 l - a +3 amulet of reflection (around neck)
 q - a ring of protection from magic (left hand)
 w - a +2 ring of protection (right hand)
Wands
 i - a wand of flame (19)
 B - a wand of enslavement (5)
Scrolls
 a - a scroll of enchant armour
 e - 2 scrolls of teleportation
 k - 4 scrolls of magic mapping
 o - a scroll of random uselessness {unknown}
 r - a scroll of amnesia {unknown}
 t - a scroll of immolation {unknown}
 u - 4 scrolls of remove curse
 y - a scroll of blinking {unknown}
 E - a scroll of fear {unknown}
 F - a scroll of noise {unknown}
 G - 2 scrolls of identify
Potions
 g - 7 potions of curing
 n - a potion of ambrosia {unknown}
 p - 3 potions of berserk rage
 s - a potion of might
 v - a potion of brilliance
 x - a potion of mutation {unknown}
 z - 3 potions of flight {unknown}
 A - a potion of agility {unknown}
 C - 2 potions of heal wounds {unknown}
 D - 2 potions of degeneration
 H - a potion of haste {unknown}
Comestibles
 d - 14 rations


   Skills:
 + Level 2.9 Fighting
 - Level 0.1 Short Blades
 - Level 2.4 Axes
 + Level 4.8 Dodging
 - Level 4.0 Stealth
 - Level 3.1 Spellcasting
 - Level 0.8 Transmutations
 + Level 11.1 Earth Magic
 * Level 3.0 Evocations


You had 2 spell levels left.
You knew the following spells:

 Your Spells              Type           Power        Failure   Level  Hunger
a - Sandblast             Erth           #####.       1%          1    #......
b - Passwall              Tmut/Erth      ###.....     2%          2    ##.....
c - Stone Arrow           Conj/Erth      ###...       6%          3    ###....
d - Lee's Rapid Deconstr  Erth           #####.....   5%          5    ######.

Your spell library contained the following spells:

 Spells                   Type           Power        Failure   Level  Hunger
 Poisonous Vapours        Pois/Air       #.....       30%         2    ##.....
 Petrify                  Tmut/Erth      ###.....     17%         4    #####..
 Conjure Flame            Conj/Fire      #.......     52%         3    ###....
 Mephitic Cloud           Conj/Pois/Air  #.......     52%         3    ###....
 Freezing Cloud           Conj/Ice/Air   #.........   100%        6    #######
 Ring of Flames           Chrm/Fire      #.........   100%        7    #######


Dungeon Overview and Level Annotations

Branches:
Dungeon (7/15)             Temple (1/1) D:7

Altars:
Ashenzari
Cheibriados
Dithmenos
Elyvilon
Fedhas
Hepliaklqana
Kikubaaqudgha
Makhleb
Nemelex Xobeh
Okawaru
Qazlal
Ru
Trog
Vehumet
Wu Jian
Xom
Yredelemnul
Zin
The Shining One

Shops:
D:4 :

Annotations:
D:2 Sigmund
D:3 2 transporters, PeterQ's ghost, amateur DsAs
D:4 3 runed doors, domsik's ghost, amateur DrFi
D:6 exclusion: downstairs, Menkaure
D:7 exclusion: big kobold


Innate Abilities, Weirdness & Mutations

You are resistant to damage.
You can heal yourself by infusing magical energy.
You passively map a small area around you.
You do not regenerate.


Message History

Confirm with . or Enter, or press ? or * to list all spells.
Aiming: Sandblast (safe; 1% risk of failure)
Press: ? - help, Shift-Dir - straight line, f/p - orc warrior
Aim: an orc warrior, wielding a +0 long sword and wearing a +0 plate armour (severely wounded)
The blast of sand hits the orc warrior.
The orc warrior is almost dead.
b - 31 stones The orc warrior misses you.
Evoke which item? (* to show all) (? for menu, Esc to quit)
Aiming: Enslavement
Press: ? - help, Shift-Dir - straight line, f/p - orc warrior
Aim: an orc warrior, wielding a +0 long sword and wearing a +0 plate armour (almost dead, chance to defeat MR: 54%)
Okay, then.
Evoke which item? (* to show all) (? for menu, Esc to quit)
Aiming: Throw Flame
Press: ? - help, Shift-Dir - straight line, f/p - orc warrior
Aim: an orc warrior, wielding a +0 long sword and wearing a +0 plate armour (almost dead)
The puff of flame misses the orc warrior.
The orc warrior hits you with a +0 long sword.
You die...

#.# #.# #.# #.# ##.##
####### ##...######
#.....## #..........
#.##...#####...#.####
#.##@#.....>.....#
#####.##.o.######.####
#.........## #.#
#.###.###.# ##'## #.# #.#
#.# ##...## #.# #.###.##
##.....## #.#
#......###.......## #.#
##.....##.........###
#.###.................'..


You could see an orc warrior.

Vanquished Creatures
  Prince Ribbit (D:6)
  An orc warrior (D:6)
  A phantom (D:4)
  3 ogres
  A centaur (D:5)
  A big kobold (Sewer)
  A scorpion (D:4)
  A crimson imp (D:6)
  2 hounds
  2 jellies
  4 orc priests
  A bullfrog skeleton (D:7)
  3 orc wizards
  2 worker ants (D:4)
  2 big kobold zombies (Ossuary)
  A hound zombie (D:6)
  A hound skeleton (D:4)
  4 mummies (Ossuary)
  A worker ant zombie (D:6)
  Robin (D:1)
  7 gnolls
  2 river rats (Sewer)
  6 adders
  An ooze (D:5)
  2 adder zombies (Ossuary)
  2 adder skeletons (D:4)
  3 worms
  A dart slug (D:1)
  3 leopard geckos
  13 orcs
  2 ball pythons (D:4)
  A giant cockroach (D:3)
  2 gnoll zombies (Ossuary)
  18 goblins
  8 hobgoblins
  6 jackals
  5 quokkas
  8 bats
  4 frilled lizards
  A goblin zombie (Ossuary)
  A hobgoblin zombie (Ossuary)
  A jackal zombie (Ossuary)
  9 kobolds
  A kobold zombie (Ossuary)
  An orc zombie (Ossuary)
  13 rats
  A rat zombie (Ossuary)
156 creatures vanquished.

Notes
Turn   | Place    | Note
-------+----------+-------------------------------------------
     0 | D:1      | KapersCrawl the Deep Dwarf Earth Elementalist began the
                  | quest for the Orb.
     0 | D:1      | Reached XP level 1. HP: 15/15 MP: 3/3
   160 | D:1      | Reached XP level 2. HP: 22/22 MP: 2/4
   282 | D:1      | Learned a level 2 spell: Passwall
  1125 | D:1      | Reached skill level 5 in Earth Magic
  1329 | D:1      | Reached XP level 3. HP: 17/28 MP: 6/6
  1452 | D:2      | Noticed Sigmund
  1480 | D:2      | Found a white marble altar of Elyvilon.
  1559 | D:2      | Noticed Robin
  1622 | D:1      | Killed Robin
  1841 | D:2      | Found an iron altar of Okawaru.
  2180 | D:3      | Found a transporter.
  2180 | D:3      | Noticed PeterQ's ghost (amateur DsAs)
  2197 | D:3      | Reached XP level 4. HP: 34/36 MP: 4/7
  2674 | D:2      | Reached skill level 6 in Earth Magic
  2855 | D:2      | Reached XP level 5. HP: 24/43 MP: 3/7
  3141 | D:3      | Found a sacrificial altar of Ru.
  3173 | D:3      | Found a transporter.
  3387 | D:4      | Found a snail-covered altar of Cheibriados.
  3436 | D:4      | Noticed an ogre
  3475 | D:4      | Reached skill level 7 in Earth Magic
  3477 | D:4      | Reached skill level 1 in Fighting
  3531 | D:4      | Reached XP level 6. HP: 35/51 MP: 4/8
  3591 | D:4      | Learned a level 3 spell: Stone Arrow
  3812 | D:4      | Noticed domsik's ghost (amateur DrFi)
  3820 | D:4      | Found a runed gate.
  3820 | D:4      | Found a runed gate.
  3820 | D:4      | Found a runed gate.
  3825 | D:4      | Found a glowing golden altar of the Shining One.
  3827 | D:4      | Found a stormy altar of Qazlal.
  3828 | D:4      | Found a basalt altar of Yredelemnul.
  3848 | D:4      | Found the +7 mace of Variability {chain chaos}
  4007 | D:4      | Found a glowing drain.
  4019 | Sewer    | Entered a sewer
  4021 | Sewer    | Reached skill level 8 in Earth Magic
  4340 | Sewer    | Found a white marble altar of Elyvilon.
  4554 | D:4      | Reached XP level 7. HP: 53/57 MP: 2/8
  5135 | D:4      | Found Ziukluh's Book Boutique.
  5231 | D:4      | Reached skill level 9 in Earth Magic
  5422 | D:5      | Entered Level 5 of the Dungeon
  5446 | D:5      | Found a sand-covered staircase.
  5454 | Ossuary  | Entered an ossuary
  5761 | Ossuary  | Reached skill level 1 in Axes
  6210 | D:5      | Reached XP level 8. HP: 50/67 MP: 6/9
  6281 | D:5      | Reached skill level 10 in Earth Magic
  6617 | D:6      | Learned a level 5 spell: Lee's Rapid Deconstruction
  6779 | D:6      | Noticed Prince Ribbit
  6784 | D:6      | Killed Prince Ribbit
  7308 | D:6      | Noticed Menkaure
  7526 | D:7      | Reached skill level 11 in Earth Magic
  7548 | D:7      | Found a staircase to the Ecumenical Temple.
  7565 | Temple   | Entered the Ecumenical Temple
  7834 | Temple   | Became a worshipper of Vehumet
  7882 | D:6      | HP: 3/68 [orc warrior/+0 long sword (18)]
  7889 | D:6      | Slain by an orc warrior

Vault maps used:
D:1:      lightli_arrival_isolated_outpost
D:2:      elyvilon_altar_4, okawaru_ov_weapons_minmay, uniq_robin, uniq_sigmund
D:3:      lemuel_crystal_altar, gammafunk_ghost_stat_death
D:4:      minmay_chambers_of_twos, grunt_temple_overflow_open,
          old_standard_altar, portal_sewer_entry_e, serial_shops, shop,
          gammafunk_ghost_split, first_ration
D:5:      nicolae_ossuary_entry_plus, minmay_misc_feat_secret_circle
D:6:      kennysheep_generic_room_15, uniq_prince_ribbit1, uniq_menkaure
D:7:      lemuel_doored_altar, minmay_temple_entry_butterflies, serial_shops,
          kennysheep_mini, nicolae_shop_stone, shop
Temple:   hc_temple_tempest_star
Sewer:    sewer_kobolds
Ossuary:  ossuary_minmay_tomb_2a

Skill      XL: |  1  2  3  4  5  6  7  8 |
---------------+-------------------------+-----
Spellcasting   | 2 3 |  3.1
Earth Magic    | 5 6 7 8 9 11 | 11.1
Stealth        | 3 4 |  4.0
Fighting       | 1 2 |  2.9
Dodging        | 3 4 |  4.8
Axes           | 2 |  2.4
Evocations     | 3 |  3.0
Short Blades   | |  0.1
Transmutations | |  0.8

Action                   |  1- 3 |  4- 6 |  7- 9 || total
-------------------------+-------+-------+-------++-------
Melee: Dagger            |   126 |   175 |    45 ||   346
       Unarmed           |     1 |       |       ||     1
       Hand axe          |       |       |    12 ||    12
 Cast: Sandblast         |    29 |    63 |    85 ||   177
       Stone Arrow       |       |       |     1 ||     1
       Lee's Rapid Decon |       |       |     1 ||     1
 Abil: Heal Wounds       |     1 |     6 |     3 ||    10
Evoke: Wand              |       |       |     3 ||     3
  Use: Scroll            |     2 |     7 |     3 ||    12
       Potion            |       |       |     1 ||     1
 Stab: Sleeping          |     6 |     6 |     6 ||    18
  Eat: Chunk             |     4 |     9 |     9 ||    22
       Ration            |       |       |     1 ||     1
Armor: Robe              |    29 |    22 |    29 ||    80
Dodge: Dodged            |   110 |    81 |    93 ||   284
Block: Other             |     5 |    18 |    12 ||    35

Table legend:
 A = Non-vault XP
 B = Vault XP
 C = Vault XP percentage of total XP
 D = Non-vault monster count
 E = Vault monster count
 F = Vault count percentage of total count
                 A         B        C        D         E       F
            +---------+---------+-------+---------+---------+-------
      Total |    1535 |     858 |  35.9 |     100 |      56 |  35.9
            +---------+---------+-------+---------+---------+-------
        D:1 |      43 |      21 |  32.8 |      24 |       4 |  14.3
        D:2 |      83 |      18 |  17.8 |       7 |       9 |  56.2
        D:3 |     154 |       0 |   0.0 |      29 |       0 |   0.0
        D:4 |     541 |     152 |  21.9 |      19 |      14 |  42.4
        D:5 |     341 |       0 |   0.0 |       6 |       0 |   0.0
        D:6 |     289 |     387 |  57.2 |       9 |       2 |  18.2
        D:7 |      84 |       0 |   0.0 |       6 |       0 |   0.0
      Sewer |       0 |     138 | 100.0 |       0 |      11 | 100.0
    Ossuary |       0 |     142 | 100.0 |       0 |      16 | 100.0
            +---------+---------+-------+---------+---------+-------
